Map: 2000 Atmospheres LE

Players

A.I. 1 (Very Easy) - Winner!

  • Race: Terran Terran
  • Spawn Location: 7:00

ArT

  • Race: Protoss Protoss
  • Spawn Location: 3:00

VOD

Have the link to the VOD?

Description

Time

  • Played on: March 25, 2022, 5:01 a.m.
  • Length: 7:18
Show
View Real Time Build Order
Export as new Build Order

A.I. 1 (Very Easy) Terran - Winner!

Build Orders:  

Get SALT Encoding   

  12  0:00  SCV  
  13  0:13  SCV  
  14  0:18  Supply Depot  
  14  0:37  Refinery  
  14  0:43  Barracks  
  14  1:04  Supply Depot  
  14  1:12  Refinery  
  14  1:29  Marine, SCV  
  16  1:41  SCV  
  17  1:53  SCV  
  18  2:03  Marine  
  18  2:05  SCV  
  20  2:18  SCV  
  21  2:30  SCV  
  22  2:38  Marine  
  22  2:42  Orbital Command  
  23  5:56  Marine, SCV  
  25  5:58  Supply Depot  
  25  6:00  Factory  
  25  6:20  SCV  
  25  6:22  Supply Depot  
  26  6:27  Barracks Tech Lab  
  26  6:32  SCV  
  24  6:44  Command Center, SCV  
  24  6:45  Marine  
  24  6:46  Starport  
  26  6:56  SCV  
Show
View Real Time Build Order
Export as new Build Order

ArT Protoss 

Build Orders: 1 Gate Expand, Blink Stalkers, Colossus Rush 

Get SALT Encoding   

  12  0:00  Probe  
  13  0:12  Probe  
  14  0:17  Pylon  
  14  0:24  Probe (Chrono Boost)  
  15  0:36  Probe (Chrono Boost), Gateway  
  16  0:45  Probe (Chrono Boost), Assimilator  
  17  0:53  Probe  
  18  1:05  Probe  
  19  1:17  Probe  
  20  1:24  Cybernetics Core  
  20  1:34  Probe, Nexus  
  21  1:42  Pylon  
  21  1:46  Probe  
  22  1:49  Assimilator  
  22  1:57  Adept (Chrono Boost)  
  22  1:58  Probe  
  22  2:00  Warp Gate  
  25  2:10  Probe  
  26  2:18  Stalker (Chrono Boost)  
  26  2:22  Probe  
  29  2:33  Twilight Council  
  29  2:34  Probe  
  30  2:46  Probe (Chrono Boost)  
  30  2:47  Gateway  
  32  2:52  Probe (Chrono Boost)  
  32  2:56  Probe (Chrono Boost)  
  33  2:59  Probe (Chrono Boost)  
  33  3:01  Probe (Chrono Boost)  
  33  3:02  Blink (Chrono Boost)  
  35  3:10  Probe  
  35  3:12  Stalker  
  38  3:13  Probe  
  39  3:22  Probe  
  39  3:23  Pylon  
  39  3:26  Probe  
  41  3:28  Robotics Facility  
  41  3:35  Probe  
  41  3:38  Probe  
  43  3:46  Pylon  
  43  3:47  Probe  
  44  3:49  Stalker  
  44  3:50  Stalker  
  44  3:51  Probe  
  44  3:54  Assimilator  
  49  3:56  Assimilator  
  49  4:00  Probe  
  50  4:03  Probe  
  51  4:12  Probe  
  51  4:14  Stalker x2  
  51  4:15  Probe  
  57  4:18  Observer  
  57  4:23  Pylon  
  59  4:24  Probe  
  59  4:27  Probe  
  60  4:31  Nexus  
  60  4:38  Robotics Bay  
  60  4:41  Probe x2  
  62  4:48  Stalker x2  
  62  4:50  Observer  
  67  4:53  Probe, Pylon  
  67  4:55  Probe  
  69  5:02  Forge  
  69  5:03  Charge  
  70  5:07  Probe  
  70  5:11  Probe  
  71  5:15  Gateway  
  71  5:17  Gateway  
  71  5:19  Probe  
  72  5:25  Colossus (Chrono Boost)  
  78  5:31  Pylon  
  78  5:34  Extended Thermal Lance  
  78  5:42  Pylon  
  78  5:43  Probe  
  78  5:45  Probe  
  78  5:46  Probe  
  81  5:50  Pylon  
  81  5:55  Probe  
  83  5:57  Probe  
  83  5:58  Probe  
  83  6:03  Gateway  
  83  6:04  Colossus (Chrono Boost)  
  84  6:06  Gateway  
  90  6:12  Probe  
  90  6:13  Probe  
  90  6:14  Sentry  
  90  6:17  Shield Battery  
  94  6:18  Probe  
  94  6:22  Gateway  
  94  6:23  Gateway  
  95  6:27  Sentry x2  
  95  6:28  Zealot  
  95  6:32  Probe x2  
  103  6:36  Pylon  
  103  6:41  Probe  
  103  6:43  Pylon  
  103  6:44  Probe  
  105  6:47  Zealot  
  105  6:53  Zealot x3  
  119  6:56  Pylon  
  119  7:02  Zealot x2  
  119  7:04  Probe  
  119  7:05  Assimilator x2  
  119  7:07  Templar Archives  
  124  7:11  Zealot  
  124  7:15  Pylon, Zealot x2  
  128  7:17  Zealot  
Tags
 
Add a new tag
Caveats
  • Supply blocks, unpowered buildings, or Contaminate may cause inaccurate times.
  • Supply counts are checked every 10 seconds.